 Dungeon Sprint DCSS version 0.29.1-1-gd02db6906a (webtiles) character file.

Game seed: 809900311803265858

622 Groucho the Unseen (level 7, -5/33 HPs)
             Began as a Spriggan Enchanter on Sept 25, 2022.
             Was an Initiate of Dithmenos.
             Slain by a centaur warrior (15 damage)
             ... in the Dungeon (Sprint I: "Red Sonja").
             The game lasted 00:05:21 (701 turns).

Groucho the Unseen (Spriggan Enchanter)              Turns: 701, Time: 00:05:22

Health: -5/33      AC:  2    Str:  6    XL:     7   Next: 22%
Magic:  19/21      EV: 19    Int: 16    God:    Dithmenos [......]
Gold:   366        SH:  0    Dex: 16    Spells: 14/25 levels left

rFire   . . .      SeeInvis +   a - +1 dagger
rCold   . . .      Faith    .   (no shield)
rNeg    . . .      Spirit   .   b - +0 robe
rPois   .          Reflect  .   (helmet restricted)
rElec   .          Harm     .   (no cloak)
rCorr   .          Rampage  .   (gloves unavailable)
Will    +....      NoTele   +   (boots unavailable)
Stlth   ++++++....              (no amulet)
HPRegen 0.11/turn               (no ring)
MPRegen 0.17/turn               (no ring)

@: very quick
A: very small, no large weapons, unfitting armour, see invisible, speed 3
a: Renounce Religion


You were in the Dungeon.
You worshipped Dithmenos.
Dithmenos was noncommittal.
You visited 1 branch You collected 405 gold pieces.
You spent 39 gold pieces at shops.

Inventory:

Hand Weapons
 a - a +1 dagger (weapon)
Armour
 b - a +0 robe (worn)
Wands
 h - a wand of paralysis (6)
Potions
 c - 2 potions of invisibility
 d - a potion of curing
 e - 2 potions of heal wounds
 f - a potion of haste
 g - a potion of flight
 j - a potion of brilliance {unknown}


   Skills:
 + Level 1.3 Fighting
 * Level 3.1 Short Blades
 * Level 4.5 Dodging
 * Level 16.3 Stealth
 + Level 9.5 Spellcasting
 * Level 10.0 Hexes


You had 14 spell levels left.
You knew the following spells:

 Your Spells              Type           Power      Damage    Failure   Level
a - Ensorcelled Hibernat  Hex/Ice        46%        N/A       1%          2
b - Confusing Touch       Hex            39%        N/A       1%          3
c - Dazzling Flash        Conj/Hex       46%        N/A       3%          3
d - Tukima's Dance        Hex            39%        N/A       1%          3

Your spell library contained the following spells:

 Spells                   Type           Power      Damage    Failure   Level
 Apportation              Tloc           14%        N/A       10%         1
 Alistair's Intoxication  Tmut/Pois      4%         N/A       95%         5


Dungeon Overview and Level Annotations

Branches:
Dungeon (1/1)

Altars:
Cheibriados
Dithmenos
Elyvilon
Fedhas
Gozag
Hepliaklqana
Kikubaaqudgha
Makhleb
Nemelex Xobeh
Okawaru
Qazlal
Ru
Sif Muna
Trog
Uskayaw
Vehumet
Wu Jian
Xom
Yredelemnul
Zin
The Shining One
Jiyva
Lugonu

Shops:
D *


Innate Abilities, Weirdness & Mutations

You are very small and have problems with some larger weapons.
You are too small for most types of armour.
You have supernaturally acute eyesight. (SInv)
You cover ground extremely quickly. (Speed+++)


Message History

Your Fighting skill increases to level 1!
Your Short Blades skill gained 2 levels and is now at level 3!
Your Dodging skill gained 2 levels and is now at level 4!
Your Stealth skill increases to level 16!
Your Hexes skill increases to level 10!
You have reached level 7!
Unknown command.
Unknown command.
You open the door.
Found 108 gold pieces.
There is an open door here.
You now have 285 gold pieces (gained 27).
You now have 312 gold pieces (gained 27).
You now have 339 gold pieces (gained 27).
You now have 366 gold pieces (gained 27).
There is an open door here.
There is an open door here.
There is an open door here.
You see here a +0 scale mail.
You open the door.
A centaur warrior comes into view.
The centaur warrior moves out of view.
Blink to where?
Press: ? - help, Dir - move target A centaur warrior comes into view.
Found a scroll labelled BUGURUDUYP and a potion of berserk rage.
As you read the scroll of blinking, it crumbles to dust.
The centaur warrior shouts! x2
The centaur warrior hits you!
The centaur warrior kicks you but does no damage.
The centaur warrior misses you. The centaur warrior closely misses you.
The centaur warrior hits you! The centaur warrior kicks you.
Casting: Ensorcelled Hibernation (safe; 1% risk of failure)
Confirm with . or Enter, or press ? or * to list all spells.
Aiming: Ensorcelled Hibernation (safe; 1% risk of failure)
Press: ? - help, Shift-Dir - straight line, f - centaur warrior
Aim: a centaur warrior (purple smoke, chance to affect: 37%)
The centaur warrior easily resists.
The centaur warrior closely misses you. The centaur warrior kicks you.
The centaur warrior hits you!
You die...

###################
#.)'..#.)'..#__#..+
'..#..'..#..'..'..#
#####'#####'#__####
####..#...#§####§§#
#__####..##§#§§§§c#
#_____##'#_.'§§§@§+
#_.∩...'..._#§§§§c#
#_..__##_.#'##+####
#_____###+#.#
####### ###


You could see 2 centaur warriors.

Vanquished Creatures
  A slime creature (D)
  Sigmund (D)
  A yak (D)
  An ogre (D)
  A jelly (D)
  Ijyb (D)
6 creatures vanquished.

Notes
Turn   | Place    | Note
-------+----------+-------------------------------------------
     0 | D        | Groucho the Spriggan Enchanter began the quest for the Orb.
     0 | D        | Reached XP level 1. HP: 9/9 MP: 5/5
     2 | D        | Noticed Ijyb
     9 | D        | Paralysed by Ijyb for 3 turns
    15 | D        | Killed Ijyb
    16 | D        | Reached skill level 10 in Stealth
    16 | D        | Reached XP level 2. HP: 9/13 MP: 6/6
   373 | D        | Learned a level 2 spell: Ensorcelled Hibernation
   374 | D        | Noticed an ogre
   441 | D        | Killed an ogre
   442 | D        | Reached skill level 11 in Stealth
   442 | D        | Reached skill level 5 in Spellcasting
   442 | D        | Reached skill level 5 in Hexes
   442 | D        | Reached XP level 3. HP: 13/16 MP: 0/10
   442 | D        | Reached XP level 4. HP: 17/21 MP: 0/12
   542 | D        | Learned a level 3 spell: Confusing Touch
   546 | D        | Learned a level 3 spell: Dazzling Flash
   550 | D        | Learned a level 3 spell: Tukima's Dance
   552 | D        | Noticed Sigmund
   554 | D        | Killed Sigmund
   555 | D        | Reached skill level 13 in Stealth
   555 | D        | Reached XP level 5. HP: 24/24 MP: 12/16
   583 | D        | Found a shimmering blue altar of Sif Muna.
   584 | D        | Found an ornate altar of the Wu Jian Council.
   585 | D        | Found a radiant altar of Vehumet.
   590 | D        | Reached skill level 14 in Stealth
   590 | D        | Reached XP level 6. HP: 28/28 MP: 16/18
   592 | D        | Found Ijoreph's General Store.
   592 | D        | Found an ancient bone altar of Kikubaaqudgha.
   592 | D        | Found a hazy altar of Hepliaklqana.
   592 | D        | Found a stormy altar of Qazlal.
   592 | D        | Found a hide-covered altar of Uskayaw.
   592 | D        | Found a blossoming altar of Fedhas.
   592 | D        | Found a bloodstained altar of Trog.
   592 | D        | Found an iron altar of Okawaru.
   592 | D        | Found a basalt altar of Yredelemnul.
   592 | D        | Found a glowing golden altar of the Shining One.
   592 | D        | Found a snail-covered altar of Cheibriados.
   592 | D        | Found a sacrificial altar of Ru.
   592 | D        | Found a glowing silver altar of Zin.
   592 | D        | Found a shadowy altar of Dithmenos.
   592 | D        | Found a white marble altar of Elyvilon.
   592 | D        | Noticed a yak
   598 | D        | Killed a yak
   599 | D        | Reached skill level 15 in Stealth
   618 | D        | Found an opulent altar of Gozag.
   634 | D        | Found a sparkling altar of Nemelex Xobeh.
   644 | D        | Bought a potion of flight for 39 gold pieces
   648 | D        | Became a worshipper of Dithmenos the Shadowed
   669 | D        | Found a burning altar of Makhleb.
   669 | D        | Found a shimmering altar of Xom.
   669 | D        | Noticed a slime creature
   670 | D        | Found a viscous altar of Jiyva.
   670 | D        | Found a corrupted altar of Lugonu.
   672 | D        | Killed a slime creature
   673 | D        | Reached skill level 1 in Fighting
   673 | D        | Reached skill level 16 in Stealth
   673 | D        | Reached skill level 10 in Hexes
   673 | D        | Reached XP level 7. HP: 29/33 MP: 21/21
   695 | D        | Noticed a centaur warrior
   700 | D        | Noticed a centaur warrior
   701 | D        | Slain by a centaur warrior

Illustrated notes

Levels and vault maps discovered:
D:        dungeon_sprint_1 [red_sonja_temple_1, red_sonja_temple_small_1]

Skill      XL: |  1  2  3  4  5  6 |
---------------+-------------------+-----
Stealth        | 10 11 13 14 16 | 16.3
Spellcasting   | 5 8 9 |  9.5
Hexes          | 5 8 10 | 10.0
Fighting       | 1 |  1.3
Short Blades   | 3 |  3.1
Dodging        | 4 |  4.5

Action                   |  1- 3 |  4- 6 |  7- 9 || total
-------------------------+-------+-------+-------++-------
Melee: Dagger            |     7 |     4 |       ||    11
 Cast: Ensorcelled Hiber |     9 |     2 |     1 ||    12
  Use: Potion            |     3 |       |       ||     3
       Scroll            |       |       |     1 ||     1
 Stab: Sleeping          |     2 |     4 |       ||     6
Armor: Robe              |       |       |     1 ||     1
Dodge: Dodged            |     8 |       |     3 ||    11
